 Dungeon Crawl Stone Soup version 0.29-a0-284-gf9362112df (webtiles) character file.

Game seed: 18142977271614874684

1358 sammy202020 the Skirmisher (level 8, 0/68 HPs)
             Began as a Palentonga Berserker on Mar 20, 2022.
             Was a Priest of Trog.
             Succumbed to an orc's poison
             ... on level 6 of the Dungeon.
             The game lasted 00:08:32 (6577 turns).

sammy202020 the Skirmisher (Palentonga Berserker)   Turns: 6577, Time: 00:08:32

Health: 0/68       AC:  8    Str: 20    XL:     8   Next: 37%
Magic:  8/8        EV: 10    Int: 15    God:    Trog [***...]
Gold:   171        SH:  5    Dex: 11    Spells: 7/7 levels left

rFire   + . .      SeeInvis +   x - +0 morningstar (drain)
rCold   . . .      Faith    .   (no shield)
rNeg    . . .      Spirit   .   d - +0 leather armour
rPois   .          Reflect  +   o - +1 helmet
rElec   .          Harm     .   i - +0 cloak
rCorr   .          Rampage  .   (no gloves)
Will    ++...                   (no barding)
Stlth   +.........              u - amulet of reflection
HPRegen 1.21/turn               n - ring of protection from fire
MPRegen 0.11/turn               m - +6 ring of intelligence

@: lethally poisoned (0 -> -10), strong-willed, on berserk cooldown,
regenerating, slowed, studying Short Blades, very slow
A: large, rugged brown scales 3, see invisible, deformed body, roll 1, armoured
tail, reflexive curl
a: Rolling Charge, Renounce Religion, Berserk, Trog's Hand


You were on level 6 of the Dungeon.
You worshipped Trog.
Trog was most pleased with you.
You visited 1 branch of the dungeon, and saw 6 of its levels.

You collected 171 gold pieces.

Inventory:

Hand Weapons
 f - a +0 flail
 h - a +1 vorpal mace
 x - a +0 morningstar of draining (weapon)
 C - a +0 flail
Armour
 d - a +0 leather armour (worn)
 i - a +0 cloak (worn)
 o - a +1 helmet (worn)
 B - a +0 kite shield
Jewellery
 m - a +6 ring of intelligence (right hand)
 n - a ring of protection from fire (left hand)
 u - an amulet of reflection (around neck)
 y - an amulet of guardian spirit
 z - an amulet of faith
Wands
 g - a wand of digging (4)
 q - a wand of paralysis (6)
 r - a wand of charming (6)
 w - a wand of polymorph (9)
Scrolls
 b - a scroll of summoning
 c - a scroll of teleportation
 k - a scroll of vulnerability
 s - a scroll of fog {unknown}
 t - a scroll of fear
 A - a scroll of magic mapping {unknown}
Potions
 a - a potion of mutation
 e - a potion of cancellation
 j - 2 potions of heal wounds
 l - a potion of curing
 p - a potion of lignification {unknown}
 v - a potion of might {unknown}


   Skills:
 * Level 6.3 Fighting
 * Level 6.2 Maces & Flails
 * Level 4.8 Armour
 + Level 3.4 Dodging


You had 7 spell levels left.
You didn't know any spells.
Your spell library was empty.

Dungeon Overview and Level Annotations

Branches:
Dungeon (6/15)
 Temple: D:4-7

Altars:
Elyvilon
Hepliaklqana
Vehumet
Zin

Annotations:
D:3 exclusion: statue


Innate Abilities, Weirdness & Mutations

You are completely covered in rugged brown scales. (AC +3, +7% HP)
You have supernaturally acute eyesight. (SInv)
Armour fits poorly on your strangely shaped body.
You can roll at nearby foes to attack.
You have a long armoured tail.
You curl defensively after being hit. (AC +7*)


Message History

The orc hits you but does no damage.
The orc moves out of view.
You completely miss the orc.
The orc is moderately wounded.
You block the orc's attack.
You puncture the orc!
You kill the orc!
Trog accepts your kill.
An orc wizard comes into view. It is wielding a +0 dagger.
The orc wizard moves out of view.
An orc comes into view. It is wielding a +0 short sword.
Things that are here:
a +0 hand axe; an orc corpse The orc moves out of view.
You see here a +0 spear.
The orc barely misses you.
The orc hits you with a +0 whip of venom.
You are poisoned.
Items here: ! ( ))) [ †.
You feel very sick.
You feel sick.
The orc wizard shouts!
You hear a shout!
The orc hits you with a +0 whip of venom.
You are more poisoned.
The orc hits you but does no damage.
You are lethally poisoned!
An orc comes into view. It is wielding a +0 short sword.
Your skin crawls.
You feel strong-willed.
* * * LOW HITPOINT WARNING * * *
You feel extremely sick. The orc hits you but does no damage.
You are lethally poisoned!
You sock the orc!
You kill the orc!
Trog accepts your kill.
* * * LOW HITPOINT WARNING * * *
You feel extremely sick.
The orc wizard casts a spell.
The orc wizard flickers and vanishes for a moment.
You die...

................##
######.#.#.#.#.#.#
#...........##
.#.#.#.#.#.#.#
#.............##
.#.#.#.#.#.#†#.#
#. ........))..#
.#.#.#.#)#.)#
........@..#
.#.#.#.#....#
............#
#.#.#.#.....# .o.
..o.....# .
.oo...)..#
o.........#
........#


You could see an orc wizard (invisible) and 2 orcs.

Vanquished Creatures
  Sigmund (D:2)
  Eustachio (D:6)
  Menkaure (D:6)
  A sky beast (D:6)
  A black bear (D:5)
  A phantom (D:5)
  A gnoll sergeant (D:6)
  2 scorpions
  3 hounds (D:5)
  An orc priest (D:5)
  A jelly (D:4)
  Crazy Yiuf (D:2)
  Jessica (D:2)
  Ijyb (D:3)
  Robin (D:3)
  8 gnolls
  7 adders
  2 ufetubi
  11 dart slugs
  14 orcs
  8 ball pythons
  6 endoplasms
  3 giant cockroaches
  9 hobgoblins
  3 jackals (D:2)
  2 quokkas
  4 bats
  3 frilled lizards
  16 goblins
  7 kobolds
  6 rats
127 creatures vanquished.

Vanquished Creatures (others)
  A fungus (D:1)
  4 plants
5 creatures vanquished.

Grand Total: 132 creatures vanquished

Notes
Turn   | Place    | Note
-------+----------+-------------------------------------------
     0 | D:1      | sammy202020 the Palentonga Berserker began the quest for
                  | the Orb.
     0 | D:1      | Reached XP level 1. HP: 19/19 MP: 1/1
   278 | D:1      | Reached XP level 2. HP: 25/25 MP: 2/2
   756 | D:1      | Found a faded altar of an unknown god.
  1044 | D:2      | Reached XP level 3. HP: 19/31 MP: 3/3
  1311 | D:2      | Noticed Sigmund
  1332 | D:2      | Killed Sigmund
  1333 | D:2      | Reached XP level 4. HP: 7/39 MP: 4/4
  1333 | D:2      | Reached XP level 5. HP: 8/44 MP: 5/5
  1406 | D:2      | Reached ** piety under Trog
  1564 | D:2      | HP: 2/44 [poisoned by an adder]
  1584 | D:2      | Noticed Jessica
  1593 | D:2      | Killed Jessica
  1741 | D:2      | Reached XP level 6. HP: 11/52 MP: 6/6
  2008 | D:2      | Found a runed translucent door.
  2008 | D:2      | Found the +7 sceptre of Torment {pain, torment}
  2009 | D:2      | Noticed Crazy Yiuf
  2019 | D:2      | Killed Crazy Yiuf
  2528 | D:3      | Noticed Ijyb
  2531 | D:3      | Killed Ijyb
  2850 | D:3      | Noticed Robin
  2871 | D:3      | Killed Robin
  3270 | D:3      | Found a radiant altar of Vehumet.
  4134 | D:4      | Found a large runed translucent door.
  4135 | D:4      | Found a large runed translucent door.
  4147 | D:4      | Found a white marble altar of Elyvilon.
  4163 | D:4      | Found a glowing silver altar of Zin.
  4420 | D:4      | Found a hazy altar of Hepliaklqana.
  4851 | D:5      | Entered Level 5 of the Dungeon
  4855 | D:5      | Gained mutation: You curl defensively after being hit. (AC
                  | +7*) [Palentonga growth]
  4855 | D:5      | Reached XP level 7. HP: 58/58 MP: 7/7
  4857 | D:5      | Reached skill level 5 in Fighting
  4861 | D:5      | Reached skill level 5 in Maces & Flails
  4898 | D:5      | Reached *** piety under Trog
  5929 | D:6      | Noticed Eustachio
  5978 | D:6      | Killed Eustachio
  5979 | D:6      | Reached XP level 8. HP: 15/68 MP: 8/8
  6549 | D:6      | Noticed Menkaure
  6560 | D:6      | Killed Menkaure
  6577 | D:6      | Succumbed to an orc's poison

Illustrated notes

Levels and vault maps discovered:
D:1:      mushboom_english_gardens, layout_loops_corners,
          shapermc_ecumenical_altar_mp_urbaneastern, hex_large
D:2:      layout_rooms, supply_closet_lemuel, hangedman_decor_push,
          uniq_jessica, uniq_sigmund, uniq_crazy_yiuf_cottage
D:3:      kennysheep_slugbush, layout_loops_ring, vehumet_statue,
          portal_sewer_entry_d, kennysheep_path_1, minmay_close_crescents,
          uniq_ijyb, uniq_robin
D:4:      layout_loops_ring, mainiacjoe_overflow_tiny_flanked,
          jmf_multi_god_temple2, enter_ossuary_5
D:5:      layout_loops_ring, minivault_1, serial_bayou_pond_c, minivault_23
D:6:      layout_basic, hex_medium, nrook_campfire, uniq_eustachio,
          uniq_menkaure

Skill      XL: |  1  2  3  4  5  6  7  8 |
---------------+-------------------------+-----
Armour         | 2 3 4 |  4.8
Fighting       | 4 5 6 |  6.3
Maces & Flails | 4 5 6 |  6.2
Dodging        | 2 3 |  3.4

Action                   |  1- 3 |  4- 6 |  7- 9 || total
-------------------------+-------+-------+-------++-------
Melee: Mace              |    61 |   160 |    35 ||   256
       Tailslap          |     4 |    26 |    10 ||    40
       Punch             |     1 |     4 |       ||     5
       Flail             |       |     5 |       ||     5
       Morningstar       |       |       |    61 ||    61
       Unarmed           |       |       |    20 ||    20
Invok: Berserk           |     1 |     3 |     2 ||     6
       Trog's Hand       |       |     3 |     2 ||     5
 Abil: Rolling Charge    |     1 |     1 |       ||     2
  Use: Potion            |       |     1 |       ||     1
       Scroll            |       |       |    10 ||    10
Armor: Leather armour    |    28 |    72 |    37 ||   137
Dodge: Dodged            |    35 |   106 |    70 ||   211
Block: Other             |       |     3 |    26 ||    29
       Reflection        |       |     1 |       ||     1

Table legend: (Time is in decaauts)
 A = Elapsed time spent in this place.
 B = Non-inter-level travel time spent in this place.
 C = Inter-level travel time spent in this place.
 D = Time resting spent in this place.
 E = Time spent auto-exploring this place.
 F = Levels seen in this place.
 G = Mean time per level.
                   A        B        C        D        E       F      G
               +--------+--------+--------+--------+--------+-----+--------+
         Total |   6706 |   6604 |    102 |    184 |   5252 |   6 | 1117.7 |
       Dungeon |   6706 |   6604 |    102 |    184 |   5252 |   6 | 1117.7 |
               +--------+--------+--------+--------+--------+-----+--------+

Top non-repeatable levels by time:
     D:2: 1543 daAuts
     D:3: 1309 daAuts
     D:4: 1060 daAuts
     D:5: 1051 daAuts
     D:1: 1037 daAuts
     D:6: 703 daAuts
